 Dungeon Crawl Stone Soup version 0.22-a0-284-g99d1f74 (webtiles) character file.

57124 erloom the Fighter (level 14, -5/121 HPs)
             Began as a Demonspawn Fighter on Mar 20, 2018.
             Was the Champion of Makhleb.
             Slain by Saint Roka
             ... wielding a +2 battleaxe of freezing
              (30 damage)
             ... on level 2 of the Orcish Mines on Mar 21, 2018.
             The game lasted 01:24:39 (25041 turns).

erloom the Fighter (Demonspawn Fighter)            Turns: 25041, Time: 01:24:39

Health: -5/121     AC: 25    Str: 29    XL:     14   Next: 44%
Magic:  10/10      EV: 12    Int:  9    God:    Makhleb [******]
Gold:   1766       SH: 10    Dex: 16    Spells: 13/13 levels left

rFire    + + +     SeeInvis .   r - +7 falchion "Goblin's Curse" {antimagic, Fragile rPois MP+9 Str+2}
rCold    + . .     Gourm    .   c - +0 shield
rNeg     . . .     Faith    .   D - +0 plate armour {rC+}
rPois    +         Spirit   .   h - +0 helmet
rElec    .         Reflect  .   E - scarf {repulsion}
rCorr    .         Harm     .   b - +0 pair of gloves
MR       +....                  n - +2 pair of boots
Stlth    ..........             S - amulet of Plog {*Contam +Rage rF+++ Dex+3}
HPRegen  0.30/turn              K - +4 ring of evasion
MPRegen  0.12/turn              x - +2 ring of protection

@: mighty, hasted, repel missiles, very quick
A: claws 2, icy blue scales 2, demonic guardian 3, powered by pain 1
a: Minor Destruction, Lesser Servant of Makhleb, Major Destruction, Greater
Servant of Makhleb, Renounce Religion, Evoke Berserk Rage


You were on level 2 of the Orcish Mines.
You worshipped Makhleb.
Makhleb was exalted by your worship.
You were not hungry.

You visited 3 branches of the dungeon, and saw 20 of its levels.

You collected 1976 gold pieces.
You spent 210 gold pieces at shops.

Inventory:

Hand Weapons
 r - the +7 falchion "Goblin's Curse" (weapon) {antimagic, Fragile rPois MP+9 Str+2}
   (You found it on level 6 of the Dungeon)

   It reduces the magical energy of the wielder, and disrupts the spells and
   magical abilities of those hit.
   Natural abilities and divine invocations are not affected.
   It affects your strength (+2).
   It protects you from poison.
   It affects your magic capacity (+9).
   It will be destroyed if unequipped.
Missiles
 k - 22 tomahawks (quivered)
 y - 3 throwing nets
 T - 4 tomahawks of dispersal
Armour
 b - a +0 pair of gloves (worn)
 c - a +0 shield (worn)
 h - a +0 helmet (worn)
 n - a +2 pair of boots (worn)
 D - a +0 plate armour of cold resistance (worn)
 E - a scarf of repulsion (worn)
Jewellery
 d - an uncursed ring of flight
 x - a +2 ring of protection (right hand)
 C - an uncursed ring of positive energy {unknown}
 K - a +4 ring of evasion (left hand)
 M - an uncursed amulet of the gourmand {unknown}
 Q - an uncursed amulet of harm {unknown}
 S - the amulet of Plog (around neck) {*Contam +Rage rF+++ Dex+3}
   (You found it on level 11 of the Dungeon)

   [amulet of rage]

   It affects your dexterity (+3).
   It renders you almost immune to fire.
   It lets you go berserk.
   It causes magical contamination when unequipped.
 V - an uncursed ring of see invisible
 W - an uncursed amulet of the acrobat {unknown}
Wands
 a - a wand of disintegration (7)
 l - a wand of acid (8)
 v - a wand of flame (17)
 U - a wand of paralysis (14)
Scrolls
 e - a scroll of fog
 i - 5 scrolls of amnesia
 j - 12 scrolls of remove curse
 m - 4 scrolls of magic mapping
 o - 11 scrolls of teleportation
 t - 5 scrolls of immolation
 z - 4 scrolls of identify
 F - 4 scrolls of fear
 N - 2 scrolls of blinking
 O - 2 scrolls of brand weapon
Potions
 p - a potion of ambrosia
 q - a potion of haste
 s - 4 potions of lignification
 u - 2 potions of berserk rage
 w - 3 potions of cancellation
 A - 2 potions of agility
 G - 4 potions of curing
 I - 4 potions of flight
Miscellaneous
 g - a lamp of fire
Comestibles
 f - 20 rations
 B - a chunk of flesh


   Skills:
 + Level 14.8 Fighting
 + Level 12.9 Long Blades
   Level 4.6 Maces & Flails
 + Level 9.4 Armour
 - Level 4.1 Dodging
 - Level 2.6 Shields
 - Level 10.0 Invocations
 - Level 6.0 Evocations


You had 13 spell levels left.
You didn't know any spells.

Dungeon Overview and Level Annotations

Branches:
Dungeon (12/15)            Temple (0/1) D:4            Lair (6/6) D:11
 Shoals (0/4) Lair:4       Spider (0/4) Lair:2          Orc (2/2) D:10
    Elf (0/3) Orc:2
  Slime: Lair:5-6

Altars:
Ashenzari
Fedhas
Gozag
Kikubaaqudgha
Makhleb
Nemelex Xobeh
Qazlal
Sif Muna
Trog
Uskayaw
Wu Jian
Zin
The Shining One
Beogh

Shops:
D:4 *   D:6 ?   D:11 }   D:12 (   Orc:1 %

Annotations:
Lair:5 exclusion: oklob plant
Orc:2 exclusion: ice statue, Saint Roka


Innate Abilities, Weirdness & Mutations

You have very sharp fingernails.
You are mostly covered in icy blue scales. (AC +3)
A powerful demonic guardian rushes to your aid.
You sometimes gain a little power by taking damage.


Message History

Saint Roka mumbles some strange prayers to Beogh against you.
Beogh smites you!
Unknown command.
You feel yourself speed up.
Saint Roka mumbles some strange prayers to Beogh against you.
Beogh smites you!
Okay, then.
Okay, then.
Okay, then.
Okay, then.
A demon appears!
Saint Roka invokes the aid of Beogh against you.
Beogh smites you!
* * * LOW HITPOINT WARNING * * *
You swap places.
There is a stone staircase leading up here.
Your blizzard demon hits Saint Roka!
Your blizzard demon hits Saint Roka but does no damage.
Saint Roka hits you with a battleaxe of freezing!!
You die...

##.........#
#...........
####..........
##..........o..
#.........#....
####.[.)#)).###...
##.#)..)).[..#*.#.#
#2)2)[#..##.##.....
##@o......#####....
######### *....#
*#...# ***,* *,,*
**,* *,,, *,,, **,<


You could see Saint Roka, a friendly cacodemon and a friendly blizzard demon.

Vanquished Creatures
  The ghost of grindst0ne the Black Belt, a journeyman DsAK of Lugonu (Lair:4)
  Josephine (Lair:6)
  4 hydras
  A centaur warrior (D:12)
  3 two-headed ogres
  An unseen horror (D:10)
  2 ugly things (D:12)
  3 orc knights
  3 orc sorcerers (Orc:2)
  A cyclops (Orc:1)
  An elephant (Lair:6)
  2 manticores
  4 black mambas
  A merfolk siren (Lair:4)
  Joseph (D:8)
  The ghost of kidcy the Skirmisher, a novice DsFi of Makhleb (D:8)
  2 rime drakes
  A gargoyle (D:8)
  9 spiny frogs
  6 komodo dragons
  6 trolls
  2 jumping spiders (Lair:2)
  A queen bee (shapeshifter) (D:7)
  11 polar bears
  A merfolk (Lair:4)
  2 hornets
  9 hippogriffs
  9 dream sheep
  3 blink frogs (Lair:3)
  10 spriggans (Lair:6)
  A hog (D:7)
  26 yaks
  2 vampires
  2 wyverns
  3 wraiths
  3 vampire mosquitoes (D:8)
  2 wargs (Orc:2)
  An acid dragon (D:12)
  7 water moccasins
  2 hell hounds (D:11)
  5 porcupines
  21 orc warriors
  A phantom (D:7)
  An ice beast (D:8)
  A sky beast (D:8)
  6 black bears
  An eye of draining (D:11)
  5 necrophages (Lair:5)
  8 ogres
  5 boggarts (Lair:6)
  35 wolves
  4 centaurs
  10 crocodiles
  A big kobold (D:8)
  10 bullfrogs
  A scorpion (D:6)
  A water moccasin skeleton (D:4)
  8 killer bees (D:7)
  3 howler monkeys
  4 crimson imps
  A centaur zombie (D:10)
  3 quasits
  7 hounds
  3 jellies
  18 orc priests
  4 centaur skeletons
  3 iguanas
  A gnoll shaman (D:7)
  18 orc wizards
  4 hell rats (Lair:2)
  8 worker ants
  A howler monkey zombie (D:11)
  A worker ant zombie (D:5)
  12 adders
  15 gnolls
  2 shadow imps
  2 adder zombies
  A worm (D:4)
  2 dart slugs
  5 leopard geckos
  75 orcs
  A ball python (D:3)
  2 giant cockroaches
  15 goblins
  14 hobgoblins
  5 quokkas
  8 bats
  4 frilled lizards
  12 kobolds
  A leopard gecko skeleton (D:5)
  6 rats
  A bush (Lair:6)
  A plant (Lair:6)
538 creatures vanquished.

Vanquished Creatures (collateral kills)
  A hydra (Lair:4)
  4 two-headed ogres
  The ghost of RoseArtemis the Cleaver, a novice MiFi of Okawaru (D:9)
  An orc high priest (Orc:2)
  Urug (D:10)
  2 wolf spiders
  2 merfolk sirens (Lair:4)
  A torpor snail (Lair:4)
  3 spiny frogs
  4 gargoyles (D:8)
  A rime drake (Lair:4)
  2 komodo dragons
  A polar bear (D:7)
  A troll (D:11)
  A jumping spider (Lair:1)
  2 hornets (Lair:6)
  8 dream sheep
  4 blink frogs
  A wyvern (D:8)
  11 yaks
  2 spriggans (Lair:6)
  3 basilisks
  A wraith (Lair:6)
  2 porcupines
  2 wolves
  A crocodile (D:11)
  A water moccasin zombie (D:9)
  2 killer bees (D:7)
  A jelly (D:8)
  An orc wizard (D:11)
  4 orcs
  A fungus (Lair:6)
73 creatures vanquished.

Vanquished Creatures (others)
  A killer bee (D:8)
  A bush (Lair:6)
  12 fungi
  6 plants
20 creatures vanquished.

Grand Total: 631 creatures vanquished

Notes
Turn   | Place    | Note
-------+----------+-------------------------------------------
     0 | D:1      | erloom the Demonspawn Fighter began the quest for the Orb.
     0 | D:1      | Reached XP level 1. HP: 18/18 MP: 1/1
   324 | D:1      | Gained mutation: You have sharp fingernails. [demonic ancestry]
   324 | D:1      | Reached XP level 2. HP: 24/24 MP: 2/2
   979 | D:2      | Reached XP level 3. HP: 24/29 MP: 3/3
  1146 | D:2      | Found a burning altar of Makhleb.
  1155 | D:2      | Became a worshipper of Makhleb the Destroyer
  1553 | D:2      | Reached skill level 4 in Fighting
  1563 | D:2      | Found an ornate altar of the Wu Jian Council.
  1819 | D:3      | Gained mutation: You sometimes gain a little power by taking damage. [demonic ancestry]
  1819 | D:3      | Reached XP level 4. HP: 23/37 MP: 4/4
  2230 | D:3      | Found a hide-covered altar of Uskayaw.
  2354 | D:3      | Noticed a phantom
  2387 | D:3      | Reached * piety under Makhleb
  2574 | D:4      | Found an opulent altar of Gozag.
  2962 | D:4      | Reached skill level 1 in Evocations
  2962 | D:4      | Gained mutation: A weak demonic guardian rushes to your aid. [demonic ancestry]
  2962 | D:4      | Reached XP level 5. HP: 13/43 MP: 5/5
  3752 | D:4      | Found a staircase to the Ecumenical Temple.
  3820 | D:4      | Reached XP level 6. HP: 40/50 MP: 4/7
  3912 | D:4      | Found Giuha's General Store.
  3917 | D:4      | Bought a scroll of teleportation for 30 gold pieces
  3917 | D:4      | Bought 3 scrolls of identify for 60 gold pieces
  4433 | D:5      | Entered Level 5 of the Dungeon
  4513 | D:5      | Reached skill level 5 in Fighting
  5434 | D:5      | Gained mutation: You are partially covered in icy blue scales. (AC +2) [demonic ancestry]
  5434 | D:5      | Reached XP level 7. HP: 35/56 MP: 5/9
  5560 | D:6      | Got a scorched falchion
  5587 | D:5      | Identified the +7 falchion "Goblin's Curse" {antimagic, Fragile rPois MP+9 Str+2} (You found it on level 6 of the Dungeon)
  5686 | D:6      | Reached skill level 1 in Long Blades
  5813 | D:6      | Reached ** piety under Makhleb
  5813 | D:6      | Reached skill level 6 in Fighting
  6442 | D:6      | Reached XP level 8. HP: 45/65 MP: 4/10
  6575 | D:6      | Found Liphinoi's Magic Scroll Emporium.
  6598 | D:6      | Bought 3 scrolls of identify for 72 gold pieces
  6598 | D:6      | Bought 2 scrolls of identify for 48 gold pieces
  6715 | D:6      | Reached skill level 7 in Fighting
  6798 | D:6      | Found a bloodstained altar of Trog.
  6986 | D:7      | Noticed a hippogriff
  7003 | D:7      | Killed a hippogriff
  7043 | D:7      | Noticed a queen bee
  7050 | D:7      | Killed a queen bee
  7050 | D:7      | Reached skill level 8 in Fighting
  7050 | D:7      | Reached skill level 5 in Long Blades
  7098 | D:7      | Noticed a komodo dragon
  7368 | D:7      | Killed a komodo dragon
  7430 | D:7      | Reached XP level 9. HP: 73/75 MP: 6/11
  7563 | D:7      | Reached skill level 9 in Fighting
  7949 | D:7      | Found a glowing silver altar of Zin.
  7968 | D:7      | Found an ancient bone altar of Kikubaaqudgha.
  8115 | D:7      | Found a deep blue altar of Sif Muna.
  8120 | D:7      | Found a glowing golden altar of the Shining One.
  8122 | D:7      | Found a blossoming altar of Fedhas.
  8127 | D:7      | Found a sparkling altar of Nemelex Xobeh.
  8195 | D:7      | Found a huge runed gate.
  8196 | D:7      | Found a huge runed gate.
  8196 | D:7      | Noticed a polar bear
  8197 | D:7      | Noticed a polar bear
  8197 | D:7      | Noticed a polar bear
  8197 | D:7      | Noticed a polar bear
  8197 | D:7      | Found a huge runed gate.
  8197 | D:7      | Noticed a polar bear
  8197 | D:7      | Noticed a polar bear
  8198 | D:7      | Noticed a manticore
  8198 | D:7      | Found a huge runed gate.
  8199 | D:7      | Noticed a polar bear
  8203 | D:7      | Noticed a polar bear
  8204 | D:7      | Noticed a polar bear
  8593 | D:8      | Reached *** piety under Makhleb
  8941 | D:8      | Noticed kidcy's ghost (novice DsFi)
  8956 | D:8      | Killed kidcy's ghost
  8956 | D:8      | Reached skill level 10 in Fighting
  9014 | D:8      | Noticed Joseph
  9022 | D:8      | Killed Joseph
  9022 | D:8      | Reached skill level 1 in Dodging
  9022 | D:8      | Reached skill level 1 in Invocations
  9089 | D:8      | Found a shattered altar of Ashenzari.
  9154 | D:8      | Gained mutation: A demonic guardian rushes to your aid. [demonic ancestry]
  9154 | D:8      | Reached XP level 10. HP: 80/85 MP: 7/12
  9325 | D:8      | Noticed a two-headed ogre
  9329 | D:8      | Killed a two-headed ogre
  9348 | D:8      | Found a stormy altar of Qazlal.
  9376 | D:8      | Noticed a gargoyle
  9377 | D:8      | Noticed a gargoyle
  9380 | D:8      | Killed a gargoyle
  9381 | D:8      | Killed a gargoyle
  9401 | D:8      | Noticed a gargoyle
  9411 | D:8      | Killed a gargoyle
  9566 | D:8      | Noticed a gargoyle
  9574 | D:8      | Killed a gargoyle
  9607 | D:8      | Noticed a gargoyle
  9614 | D:8      | Killed a gargoyle
  9856 | D:9      | Identified a scroll of acquirement
  9891 | D:9      | Noticed RoseArtemis's ghost (novice MiFi)
  9895 | D:9      | Killed RoseArtemis's ghost
 10108 | D:9      | Noticed a two-headed ogre
 10183 | D:9      | Noticed a two-headed ogre
 10197 | D:9      | Killed a two-headed ogre
 10197 | D:9      | Reached skill level 11 in Fighting
 10335 | D:9      | Killed a two-headed ogre
 10448 | D:9      | Reached **** piety under Makhleb
 10651 | D:10     | Entered Level 10 of the Dungeon
 10688 | D:10     | Noticed Urug
 10706 | D:10     | Killed Urug
 11096 | D:10     | Killed an unseen horror
 11096 | D:10     | Gained mutation: You are mostly covered in icy blue scales. (AC +3) [demonic ancestry]
 11096 | D:10     | Reached XP level 11. HP: 75/93 MP: 7/13
 11872 | D:10     | Found a staircase to the Orcish Mines.
 12006 | D:10     | Found a roughly hewn altar of Beogh.
 12242 | D:11     | Noticed a two-headed ogre
 12246 | D:11     | Killed a two-headed ogre
 12246 | D:11     | Reached skill level 5 in Invocations
 12247 | D:11     | Found Xiabemed's Gadget Emporium.
 12460 | D:11     | Reached skill level 12 in Fighting
 12830 | D:11     | Got a glittering amethyst amulet
 12831 | D:11     | Identified the amulet of Plog {*Contam +Rage rF+++ Dex+3} (You found it on level 11 of the Dungeon)
 12869 | D:11     | Noticed a two-headed ogre
 12880 | D:11     | Killed a two-headed ogre
 12880 | D:11     | Reached ***** piety under Makhleb
 12880 | D:11     | Reached skill level 10 in Long Blades
 13096 | D:11     | Found a staircase to the Lair.
 13406 | Lair:1   | Entered Level 1 of the Lair of Beasts
 14209 | Lair:2   | Noticed a six-headed hydra
 14215 | Lair:2   | Killed an eight-headed hydra
 14226 | Lair:2   | Noticed a wolf spider
 14226 | Lair:2   | Noticed a wolf spider
 14241 | Lair:1   | Killed a wolf spider
 14245 | Lair:1   | Gained mutation: You have very sharp fingernails. [demonic ancestry]
 14245 | Lair:1   | Reached XP level 12. HP: 95/103 MP: 8/16
 15160 | Lair:2   | Reached skill level 5 in Armour
 15169 | Lair:2   | Found a hole to the Spider Nest.
 16533 | Lair:4   | Noticed grindst0ne's ghost (journeyman DsAK)
 16749 | Lair:4   | Reached skill level 13 in Fighting
 17022 | Lair:4   | Noticed an eight-headed hydra
 17269 | Lair:4   | Reached skill level 5 in Evocations
 17459 | Lair:4   | Killed grindst0ne's ghost
 17710 | Lair:4   | Found a staircase to the Shoals.
 17756 | Lair:4   | Killed an eight-headed hydra
 17756 | Lair:4   | Gained mutation: A powerful demonic guardian rushes to your aid. [demonic ancestry]
 17756 | Lair:4   | Reached XP level 13. HP: 111/111 MP: 9/19
 19428 | Lair:6   | Entered Level 6 of the Lair of Beasts
 19490 | Lair:6   | Reached ****** piety under Makhleb
 19717 | Lair:6   | Noticed Josephine
 19726 | Lair:6   | Killed Josephine
 20017 | Lair:6   | Reached skill level 10 in Invocations
 20881 | Lair:6   | Reached skill level 14 in Fighting
 22108 | D:12     | Reached XP level 14. HP: 120/120 MP: 10/21
 22434 | D:12     | Found Nyntonyo's Antique Weapon Emporium.
 23201 | Orc:1    | Entered Level 1 of the Orcish Mines
 23310 | Orc:1    | Found Xyubb's Food Emporium.
 23640 | Orc:1    | Found a bloodstained altar of Trog.
 23820 | Orc:2    | Entered Level 2 of the Orcish Mines
 24466 | Orc:2    | Noticed Saint Roka
 25041 | Orc:2    | Slain by Saint Roka

Vault maps used:
D:1:      lightli_arrival_isolated_outpost, nrook_mini_vaults,
          minmay_misc_feat_hallway, minivault_24
D:2:      nicolae_overflow_crystal_walls, bloody_makhleb, first_ration
D:3:      cheibrodos_greedy_goblins, old_standard_altar, serial_bayou_ford_a,
          wad_rectangle_vault
D:4:      old_standard_altar, minmay_temple_entry_purple_smoke, serial_shops,
          shop
D:5:      minmay_diamond_boxcup, zaba_anthole
D:6:      basic_altar, serial_shops, shop_scrolls, grunt_ministairs_2,
          nrook_pool_corridor
D:7:      lemuel_bear_cage, minitemple,
          chequers_temple_overflow_statue_of_worship, wad_mini_maze
D:8:      cheibrodos_statue_roulette, overflow_temple_1_default,
          overflow_temple_1_default, uniq_joseph
D:10:     minmay_orc_entry_temple_small, uniq_urug
D:11:     minmay_lair_entry_lava, serial_shops, nicolae_shop_behind_doors
D:12:     serial_shops, shop
Lair:1:   st_stairs_5
Lair:2:   spider_nest_entry_funnel_web
Lair:3:   grunt_megastairs_5
Lair:4:   elwin_shoals_entry_stream
Lair:5:   minmay_slime_entry_oklob_enclosed, serial_bayou_pond_e,
          roderic_carrion_pond, lemuel_fruit_tree, serial_bayou_shore_b
Lair:6:   minmay_lair_end_enchanted_forest, hibernation_bobbens, uniq_josephine
Orc:1:    serial_shops, nicolae_shop_crystal, trog_hazing_becter
Orc:2:    grunt_orc_cross, serial_shops, statue_bzr

Skill      XL: |  1  2  3  4  5  6  7  8  9 10 11 12 13 14 |
---------------+-------------------------------------------+-----
Maces & Flails | 2 3 4 |  4.6
Fighting       | 4 5 6 8 10 11 12 13 14 | 14.8
Evocations     | 1 2 3 5 6 |  6.0
Long Blades    | 3 5 7 9 10 11 12 | 12.9
Dodging        | 1 4 |  4.1
Invocations    | 2 3 6 8 10 | 10.0
Armour         | 4 6 8 9 |  9.4
Shields        | |  2.6

Action                   |  1- 3 |  4- 6 |  7- 9 | 10-12 | 13-15 || total
-------------------------+-------+-------+-------+-------+-------++-------
Melee: Flail             |   145 |    82 |       |       |       ||   227
       Whip              |       |   147 |       |       |       ||   147
       Falchion          |       |       |   333 |   926 |  1243 ||  2502
Invok: Lesser Servant of |       |       |       |     2 |       ||     2
       Major Destruction |       |       |       |     1 |     2 ||     3
       Minor Destruction |       |       |       |       |    14 ||    14
       Greater Servant o |       |       |       |       |     1 ||     1
 Abil: Evoke Berserk Rag |       |       |     4 |     6 |       ||    10
Evoke: Wand              |       |       |     1 |     5 |    10 ||    16
  Use: Scroll            |     4 |     9 |     7 |     9 |     5 ||    34
       Potion            |       |     3 |     1 |       |     5 ||     9
 Stab: Distracted        |       |     1 |       |     3 |     1 ||     5
       Paralysed         |       |       |       |       |    19 ||    19
  Eat: Chunk             |     3 |     8 |    14 |    23 |    25 ||    73
       Ration            |       |     1 |     1 |     3 |       ||     5
Armor: Scale mail        |    68 |       |       |       |       ||    68
       Chain mail        |    21 |    99 |   181 |   114 |       ||   415
       Plate armour      |       |       |       |   387 |   482 ||   869
Dodge: Dodged            |    30 |    28 |    81 |   187 |   323 ||   649
       Deflected         |       |       |       |    10 |    11 ||    21
Block: Shield            |    83 |    96 |   171 |   370 |   478 ||  1198
       Rpst.: Falchion   |       |       |    21 |    49 |    77 ||   147

Table legend:
 A = Spawn XP
 B = Non-spawn XP
 C = Spawn XP percentage of total XP
 D = Spawn monster count
 E = Non-spawn monster count
 F = Spawn count percentage of total count
 G = Total turns spent on level
                    A         B        C        D         E        F      G
               +---------+---------+-------+---------+---------+-------+---------
         Total |       0 |   81606 |   0.0 |       0 |     609 |   0.0 | 25041
               +---------+---------+-------+---------+---------+-------+---------
           D:1 |       0 |      19 |   0.0 |       0 |      13 |   0.0 |   803
           D:2 |       0 |      68 |   0.0 |       0 |      25 |   0.0 |   957
           D:3 |       0 |      33 |   0.0 |       0 |      18 |   0.0 |  1254
           D:4 |       0 |     279 |   0.0 |       0 |      11 |   0.0 |  1419
           D:5 |       0 |     377 |   0.0 |       0 |      17 |   0.0 |  1373
           D:6 |       0 |    1021 |   0.0 |       0 |      26 |   0.0 |  1120
           D:7 |       0 |    5847 |   0.0 |       0 |      47 |   0.0 |  1770
           D:8 |       0 |    4154 |   0.0 |       0 |      30 |   0.0 |  1439
           D:9 |       0 |    2274 |   0.0 |       0 |      23 |   0.0 |  1069
          D:10 |       0 |    5182 |   0.0 |       0 |      60 |   0.0 |  1616
          D:11 |       0 |    3613 |   0.0 |       0 |      41 |   0.0 |  1066
          D:12 |       0 |    7207 |   0.0 |       0 |      27 |   0.0 |   923
        Lair:1 |       0 |    3612 |   0.0 |       0 |      20 |   0.0 |   933
        Lair:2 |       0 |    3100 |   0.0 |       0 |      16 |   0.0 |  1041
        Lair:3 |       0 |    5583 |   0.0 |       0 |      29 |   0.0 |  1935
        Lair:4 |       0 |    9844 |   0.0 |       0 |      38 |   0.0 |  1188
        Lair:5 |       0 |    4919 |   0.0 |       0 |      20 |   0.0 |  1050
        Lair:6 |       0 |   17097 |   0.0 |       0 |      83 |   0.0 |  2343
         Orc:1 |       0 |    1057 |   0.0 |       0 |      16 |   0.0 |   658
         Orc:2 |       0 |    6320 |   0.0 |       0 |      49 |   0.0 |  1084
               +---------+---------+-------+---------+---------+-------+---------
